 Dungeon Crawl Stone Soup version 0.31-a0-986-g5e6e4ef867 (webtiles) character file.

Game seed: 9952492024272128303

263 mattiecakes the Ogre Mage (level 6, -18/61 HPs)
             Began as an Ogre Air Elementalist on Nov 15, 2023.
             Engulfed by a cloud of flame (23 damage)
             ... in a sewer.
             The game lasted 00:11:21 (3632 turns).

mattiecakes the Ogre Mage (Ogre Air Elementalist)   Turns: 3632, Time: 00:11:22

Health: -18/61     AC:  4    Str: 12    XL:     6   Next: 19%
Magic:  9/11       EV: 14    Int: 22    God:
Gold:   104        SH:  0    Dex:  8    Spells: 9/12 levels left

rFire   . . .        p - +0 dagger (venom)
rCold   . . .        (no shield)
rNeg    . . .        a - +0 robe
rPois   .            (helmet restricted)
rElec   .            q - +0 cloak
rCorr   .            (gloves unavailable)
SInv    +            (boots unavailable)
Will    .....        (no amulet)
Stlth   +            e - ring of flight
HPRegen 1.10/turn    i - ring "Cinaytsi" {EV+5 SInv}
MPRegen 0.12/turn

%: no passive effects
@: flying
A: large, unfitting armour, tough skin 1, clever 1, regeneration 1
a: no special abilities


You were in a sewer.
You visited 1 branch of the dungeon, and saw 3 of its levels.
You also visited: Sewer.

You collected 104 gold pieces.

Inventory:

Hand Weapons
 p - a +0 dagger of venom (weapon)
Armour
 a - a +0 robe (worn)
 q - a +0 cloak (worn)
Jewellery
 e - a ring of flight (left hand)
 i - the ring "Cinaytsi" (right hand) {EV+5 SInv}
   (You found it on level 2 of the Dungeon)

   [ring of evasion]

   EV+5:      It affects your evasion (+5).
   SInv:      It lets you see invisible.
 t - a ring of positive energy
Scrolls
 k - a scroll of brand weapon {unknown}
 l - a scroll of vulnerability {unknown}
 n - 2 scrolls of enchant armour {unknown}
 r - a scroll of identify
Potions
 b - 5 potions of magic
 g - a potion of enlightenment
 m - a potion of attraction {unknown}
 o - a potion of berserk rage {unknown}
 s - a potion of cancellation {unknown}
 u - a potion of brilliance {unknown}
 v - a potion of haste {unknown}


   Skills:
 + Level 3.4 Fighting
 + Level 1.3 Short Blades
 - Level 1.7 Dodging
 - Level 1.4 Stealth
 + Level 3.8 Spellcasting
 + Level 2.6 Conjurations
 + Level 3.7 Air Magic


You had 9 spell levels left.
You knew the following spells:

 Your Spells              Type           Power      Damage    Failure   Level
a - Shock                 Conj/Air       72%        1d7       3%          1
b - Static Discharge      Conj/Air       36%        3-5/arc   4%          2

Your spell library contained the following spells:

 Spells                   Type           Power      Damage    Failure   Level
 Swiftness                Air            20%        N/A       8%          3
 Airstrike                Air            10%        2d(2-18)  26%         4


Dungeon Overview and Level Annotations

Branches:
Dungeon (3/15)              Sewer (1/1)

Altars:


Innate Abilities, Weirdness & Mutations

You are too large for most types of armour.
You have tough skin. (AC +1)
Your mind is acute. (Int +4, Str/Dex -1)
Your natural rate of healing is unusually fast.


Message History

The water moccasin is moderately wounded.
You feel very sick. The water moccasin bites you.
You feel very sick. The water moccasin bites you!
You are lethally poisoned!
The water moccasin poisons you!
* * * LOW HITPOINT WARNING * * *
You feel very sick.
It was a potion of mutation.
You feel extremely strange.
You feel clever.
You begin to heal more quickly.
* * * LOW HITPOINT WARNING * * *
You feel very sick. The water moccasin bites you.
* * * LOW HITPOINT WARNING * * *
You are more poisoned.
The water moccasin poisons you! The water moccasin bites you.
* * * LOW HITPOINT WARNING * * *
You are more poisoned.
The water moccasin poisons you!
Unknown command.
Unknown command.
It was a potion of curing.
You feel better. The water moccasin barely misses you.
As you read the scroll labelled ECOFOTR YSEE, it crumbles to dust.
The creatures around you are filled with an inner flame!
It was a scroll of immolation.
Flame seeps out of the water moccasin.
The water moccasin is engulfed in blazing flames.
The water moccasin explodes!
The fiery explosion engulfs you!
* * * LOW HITPOINT WARNING * * *
Your Short Blades skill increases to level 1!
You have reached level 6!
You feel stronger.
Unknown command.
Unknown command.
Unknown command.
As you read the scroll labelled NIKKYZA MENWUCK, it dissolves into smoke.
It was a scroll of fog.
You are engulfed in blazing flames.
You die...

#.....#
#~...~##
#..~#...#
#..###.~##
#... #~~.#
#~~# ##..#
#.. #§§#
#. #§§#
##@§#
#§○§#
#§§##
#...#
~~..##
#...~~#
##~..##
#... .#~#


There were no monsters in sight!

Vanquished Creatures
  A water moccasin (Sewer)
  Crazy Yiuf (D:2)
  5 adders
  A river rat (D:3)
  3 dart slugs
  7 ball pythons
  5 endoplasms
  4 giant cockroaches
  7 hobgoblins
  9 jackals
  3 quokkas
  4 bats
  3 frilled lizards (D:1)
  5 goblins
  4 kobolds
  8 rats
70 creatures vanquished.

Notes
Turn   | Place    | Note
-------+----------+-------------------------------------------
     0 | D:1      | mattiecakes the Ogre Air Elementalist began the quest for
                  | the Orb.
     0 | D:1      | Reached XP level 1. HP: 16/16 MP: 3/3
    49 | D:1      | Reached skill level 1 in Conjurations
   203 | D:1      | Reached XP level 2. HP: 26/26 MP: 0/5
   266 | D:1      | Found a faded altar of an unknown god.
   299 | D:1      | Reached skill level 1 in Fighting
   880 | D:1      | Reached XP level 3. HP: 33/33 MP: 4/7
  1476 | D:2      | Identified the ring "Cinaytsi" {EV+5 SInv}
  1751 | D:2      | Reached XP level 4. HP: 42/42 MP: 3/8
  2661 | D:2      | Found a runed translucent door.
  2662 | D:2      | Noticed Crazy Yiuf
  2887 | D:2      | Learned a level 2 spell: Static Discharge
  2892 | D:2      | Killed Crazy Yiuf
  2893 | D:2      | Reached XP level 5. HP: 27/50 MP: 8/10
  3493 | D:3      | Found a glowing drain.
  3521 | Sewer    | Entered a sewer
  3611 | Sewer    | Noticed a water moccasin
  3629 | Sewer    | Gained mutation: Your mind is acute. (Int +4, Str/Dex -1)
                  | [potion of mutation]
  3629 | Sewer    | Gained mutation: Your natural rate of healing is unusually
                  | fast. [potion of mutation]
  3631 | Sewer    | Killed a water moccasin
  3632 | Sewer    | Reached skill level 1 in Short Blades
  3632 | Sewer    | Reached XP level 6. HP: 5/61 MP: 9/11
  3632 | Sewer    | Engulfed by a cloud of flame

Illustrated notes

Levels and vault maps discovered:
D:1:      minmay_arrival_cross, layout_rooms, ebering_ecumenical_altar_rust
D:2:      layout_loops_corners, corexii_leaking_fountain,
          uniq_crazy_yiuf_cottage
D:3:      layout_basic, gup_sewer_entry_bubbles, nicolae_houndstooth_variations
Sewer:    sewer_the_moccasin

Skill      XL: |  1  2  3  4  5 |
---------------+----------------+-----
Conjurations   | 1 2 |  2.6
Fighting       | 1 2 3 |  3.4
Air Magic      | 3 |  3.7
Spellcasting   | 3 |  3.8
Short Blades   | 1 |  1.3
Dodging        | |  1.7
Stealth        | |  1.4

Action                     |  1- 3 |  4- 6 || total
---------------------------+-------+-------++-------
  Melee: Unarmed           |    34 |     7 ||    41
         Dagger            |       |    69 ||    69
   Cast: Shock             |    77 |    44 ||   121
    Use: Scroll            |       |     4 ||     4
         Potion            |       |     3 ||     3
   Stab: Sleeping          |       |     3 ||     3
 Armour: Robe              |    37 |    44 ||    81
  Dodge: Dodged            |    33 |    59 ||    92

Table legend: (Time is in decaauts)
 A = Elapsed time spent in this place.
 B = Non-inter-level travel time spent in this place.
 C = Inter-level travel time spent in this place.
 D = Time resting spent in this place.
 E = Time spent auto-exploring this place.
 F = Levels seen in this place.
 G = Mean time per level.
                   A        B        C        D        E       F      G
               +--------+--------+--------+--------+--------+-----+--------+
         Total |   3628 |   3543 |     85 |    640 |   2416 |   4 |  907.0 |
       Dungeon |   3518 |   3433 |     85 |    640 |   2343 |   3 | 1172.7 |
         Sewer |    110 |    110 |      0 |      0 |     73 |   1 |  110.0 |
               +--------+--------+--------+--------+--------+-----+--------+

Top non-repeatable levels by time:
     D:2: 1918 daAuts
     D:1: 1090 daAuts
     D:3: 509 daAuts
   Sewer: 110 daAuts
